AoeStats
← Gojira

Black Forest

510716481Analyzed
2v2 RM · 1d ago on Oct 2, 2026· 84m 15s· 4 players
Game mode
Random Map
Map size
Medium (4 player)
Population
200
Speed
Normal
Resources
Standard
Victory
Conquest
Starting age
Dark Age
Ending age
Imperial Age
RankedLock teamsTeams togetherTeam positionsShared explorationLock speedFull tech treeHidden civsTurbo modeCheats
Victory
Defeat
🇷🇺 Berbers · Russia
708
+8
🇨🇳 Italians · China
666
+9
🇦🇺 Sicilians · Australia
523
-9
🇫🇷 Burgundians · France
508
-8
mcd_400
0:40 Loom
18:51 Feudal Age
21:38 Town Watch
24:18 Wheelbarrow
27:56 Horse Collar
29:27 Double-Bit Axe
33:58 Castle Age
40:27 Hand Cart
40:12 Town Patrol
45:10 Town Patrol
48:29 Husbandry
54:14 Imperial Age
60:58 Heavy Plow
71:31 Crop Rotation
Gojira
1:08 Loom
11:28 Double-Bit Axe
15:46 Feudal Age
14:40 Horse Collar
15:22 Stone Mining
18:44 Heavy Plow
18:57 Bow Saw
18:27 Man-at-Arms
23:17 Castle Age
22:46 Stone Shaft Mining
22:19 Gold Mining
24:20 Gold Shaft Mining
23:44 Long Swordsman
26:08 Murder Holes
27:47 Fervor
28:34 Wheelbarrow
27:45 Town Watch
32:54 Imperial Age
32:28 Hand Cart
32:14 Town Patrol
32:10 Treadmill Crane
33:41 Burgundian Vineyards
34:53 Capped Ram
36:38 Chemistry
35:59 Ballistics
37:50 Two-Handed Swordsman
38:56 Conscription
37:58 Elite Coustillier
38:39 Champion
83:46 Spies/Treason
604569544
0:46 Loom
15:15 Feudal Age
20:00 Castle Age
23:26 Double-Bit Axe
26:18 Fletching
29:25 Imperial Age
27:07 Horse Collar
28:47 Town Watch
33:33 Chemistry
35:30 Conscription
37:12 Wheelbarrow
39:55 Fortified Wall
39:55 Masonry
39:26 Treadmill Crane
39:41 Murder Holes
40:09 Ballistics
41:45 Hand Cart
45:51 Pirotechnia
47:07 Padded Archer Armor
49:02 Onager
51:32 Leather Archer Armor
51:14 Bodkin Arrow
52:19 Architecture
52:10 Bombard Tower
51:41 Guard Tower
51:36 Arrowslits
55:00 Hoardings
62:54 Ring Archer Armor
62:35 Forging
62:30 Scale Barding Armor
62:26 Light Cavalry
63:07 Husbandry
64:51 Gold Mining
64:52 Stone Mining
65:07 Town Patrol
66:53 Chain Barding Armor
67:08 Iron Casting
66:00 Hussar
66:50 Bloodlines
69:32 Plate Barding Armor
69:57 Blast Furnace
68:58 Bracer
70:55 Cavalier
84:29 Keep
Wolfat
0:29 Loom
13:08 Feudal Age
13:45 Horse Collar
13:58 Double-Bit Axe
21:09 Castle Age
21:11 Wheelbarrow
20:21 Town Watch
23:15 Bow Saw
24:26 Gold Mining
24:26 Stone Mining
24:38 Heavy Plow
30:47 Gold Shaft Mining
34:39 Imperial Age
32:25 Hand Cart
32:11 Town Patrol
33:12 Town Patrol
35:18 Fletching
35:29 Padded Archer Armor
36:46 Crop Rotation
36:54 Gold Shaft Mining
36:54 Stone Shaft Mining
36:25 Murder Holes
36:51 Ballistics
37:32 Chemistry
36:12 Treadmill Crane
40:01 Siege Engineers
40:09 Masonry
39:45 Arrowslits
40:11 Fortified Wall
39:43 Elite Camel Archer
42:50 Clinker Construction
42:47 Arson
43:02 Squires
43:01 Bodkin Arrow
43:22 Leather Archer Armor
45:05 Bracer
45:36 Ring Archer Armor
Connection lost

Rejoining the realm…

Still unreachable

The connection could not be restored.

Session expired

The server has moved on; the page needs a fresh start.